 Dungeon Crawl Stone Soup version 0.30.1-11-g7821555f0a (webtiles) character file.

Game seed: 1054003470897686683

2549 SacredBeard the Grave Robber (level 9, -3/102 HPs)
             Began as a Demonspawn Necromancer on Nov 27, 2023.
             Slain by a vampire
             ... wielding a +0 vampiric halberd
              (8 damage)
             ... in a bailey.
             The game lasted 00:22:36 (8430 turns).

SacredBeard the Grave Robber (DsNe)                 Turns: 8430, Time: 00:22:37

Health: -3/102     AC: 13    Str: 10    XL:     9   Next: 30%
Magic:  16/16      EV: 18    Int: 18    God:
Gold:   357        SH:  0    Dex: 21    Spells: 13/18 levels left

rFire   . .          .
                       - Unarmed
rCold   + . .        (no shield)
rNeg    . . .        P - +5 robe of Night {Dark Will+ SInv}
rPois   .            (no helmet)
rElec   .            (no cloak)
rCorr   .            j - +0 pair of gloves
SInv    +            k - +0 pair of boots
Will    +....        (no amulet) Stlth
                     m - +5 ring of evasion
HPRegen 0.37/turn    s - +6 ring of dexterity
MPRegen 0.15/turn

%: no passive effects
@: berserking (expiring), studying Polearms, very quick
A: claws 1, icy blue scales 3, demonic magic 2
a: no special abilities


You were in a bailey.
You visited 2 branches of the dungeon, and saw 8 of its levels.
You also visited: Sewer and Bailey.

You collected 357 gold pieces.

Inventory:

Hand Weapons
 e - a +0 whip
 N - a +0 spear
Missiles
 h - 58 stones
 l - 15 poisoned darts
 o - 3 throwing nets
 w - 6 atropa-tipped darts
Armour
 i - a +1 robe of willpower
 j - a +0 pair of gloves (worn)
 k - a +0 pair of boots (worn)
 O - a +3 plate armour of willpower
 P - the +5 robe of Night (worn) {Dark Will+ SInv}
   (You found it in a bailey)

   Dark:      It shrouds the wearer in darkness, reducing the range at which
   they can see and be seen by others.
   SInv:      It lets you see invisible.
   Will:      It increases your willpower.
Jewellery
 m - a +5 ring of evasion (left hand)
 r - a ring of ice
 s - a +6 ring of dexterity (right hand)
 H - a +6 ring of intelligence
Wands
 p - a wand of roots (8)
 t - a wand of mindburst (10)
Scrolls
 d - 3 scrolls of blinking {unknown}
 g - a scroll of immolation {unknown}
 x - a scroll of brand weapon {unknown}
 y - a scroll of butterflies {unknown}
 A - 4 scrolls of noise
 B - a scroll of poison {unknown}
 C - 4 scrolls of teleportation {unknown}
 E - a scroll of magic mapping {unknown}
 G - a scroll of silence {unknown}
 M - a scroll of enchant weapon {unknown}
Potions
 a - 2 potions of berserk rage
 b - 2 potions of magic
 c - a potion of flight {unknown}
 f - a potion of degeneration {unknown}
 n - 2 potions of mutation
 q - 2 potions of curing
 v - a potion of experience {unknown}
 z - 3 potions of haste
 D - 2 potions of ambrosia {unknown}
 F - a potion of attraction {unknown}
 I - a potion of lignification {unknown}
 J - a potion of invisibility
 K - 2 potions of heal wounds {unknown}
 L - a potion of brilliance {unknown}


   Skills:
 + Level 5.1 Fighting
 - Level 2.0 Throwing
 - Level 2.0 Armour
 - Level 2.0 Dodging
 + Level 1.7 Stealth
 * Level 5.6 Unarmed Combat
 - Level 5.0 Spellcasting
 - Level 7.0 Necromancy
 + Level 5.0 Evocations


You had 13 spell levels left.
You knew the following spells:

 Your Spells              Type           Power      Damage    Failure   Level
a - Necrotise             Necr           100%       1d9       1%          1
b - Animate Dead          Necr           29%        N/A       8%          4

Your spell library contained the following spells:

 Spells                   Type           Power      Damage    Failure   Level
 Vampiric Draining        Necr           29%        2d8       2%          3
 Slow                     Hex            16%        N/A       13%         1
 Sting                    Tmut/Pois      16%        1d3       13%         1
 Poisonous Vapours        Pois/Air       8%         N/A       21%         2
 Agony                    Necr           29%        N/A       21%         5
 Confusing Touch          Hex            4%         N/A       36%         3
 Borgnjor's Vile Clutch   Necr/Erth      8%         N/A       65%         5
 Death Channel            Necr           14%        N/A       75%         6
 Olgreb's Toxic Radiance  Pois           4%         N/A       78%         4


Dungeon Overview and Level Annotations

Branches:
Dungeon (7/15) Zot: 26899  Temple (1/1) D:4 Zot: 5802   Sewer (visited)
 Bailey (1/1) Zot: 4929

Altars:
Ashenzari
Cheibriados
Fedhas
Gozag
Hepliaklqana
Kikubaaqudgha
Makhleb
Nemelex Xobeh
Okawaru
Qazlal
Ru
Sif Muna
Trog
Uskayaw
Vehumet
Wu Jian
Xom
Yredelemnul

Shops:
D:6 [([

Annotations:
D:2 1 runed translucent door, Crazy Yiuf
D:5 exclusion: troll
D:6 Sigmund


Innate Abilities, Weirdness & Mutations

You have sharp fingernails.
You are completely covered in icy blue scales. (AC +4, rC+)
Spells you cast may paralyse nearby enemies.


Message History

The vampire is almost destroyed.
The vampire draws life force from you!
The vampire is healed by the life force!
You hit the vampire.
The vampire is severely damaged.
You closely miss the vampire.
The vampire is severely damaged.
The vampire draws life force from you!!
The vampire is healed by the life force!
You hit the vampire but do no damage.
The vampire is moderately damaged.
You hit the vampire. You punch the vampire.
The vampire is severely damaged.
The vampire draws life force from you!
* * * LOW HITPOINT WARNING * * *
The vampire is healed by the life force!
You barely miss the vampire. You punch the vampire!
The vampire is severely damaged.
You hit the vampire but do no damage.
The vampire is severely damaged.
The vampire hits you with a +0 vampiric halberd.
* * * LOW HITPOINT WARNING * * *
The vampire draws strength from your wounds!
The vampire bites you but does no damage.
You closely miss the vampire.
The vampire is severely damaged.
The vampire barely misses you. The vampire completely misses you.
You barely miss the vampire.
The vampire is severely damaged.
You hit the vampire but do no damage.
The vampire is severely damaged.
The vampire hits you with a +0 vampiric halberd!
* * * LOW HITPOINT WARNING * * *
The vampire completely misses you.
You punch the vampire! Your punch misses the vampire.
The vampire is almost destroyed.
The vampire hits you with a +0 vampiric halberd!
* * * LOW HITPOINT WARNING * * *
The vampire bites you!
You die...

#..)#....)......#....#.....♣
#÷.÷#.......♣...#....#....♣♣
#.÷.#...).......#))#'##'#♣♣
#####...♣.......#.)#....#
#...♣....#...####....#
#.......####....'....#
#8.....##..##...'....#
#########....#)..#....#
#8.......V@..).).#....#
#.........#......#'####
###''##...##.....#).#
##....##...#######).#
#......##.......8#..#
#...##...#8......8#..# #..#
##..############# #.. #..#
#8. #..8#


You could see a vampire.

Vanquished Creatures
  A gargoyle (Bailey)
  Grinder (D:3)
  Pargi (Sewer)
  3 black bears
  A phantom (D:4)
  3 scorpions
  8 vampire bats (Bailey)
  7 wolf zombies (Bailey)
  4 hounds
  2 jellies
  A sleepcap (D:6)
  An orc wizard (D:4)
  Natasha (thrice) (D:3)
  3 iguanas
  10 gnolls
  5 adders
  A shadow imp (D:6)
  4 worms
  3 dart slugs
  4 orcs
  11 endoplasms
  2 giant cockroaches
  2 goblins (D:3)
  2 hobgoblins
  8 jackals
  13 kobolds
  4 quokkas
  3 ball pythons
  5 bats
  2 frilled lizards
  24 orc zombies (Bailey)
  9 rats
151 creatures vanquished.

Vanquished Creatures (collateral kills)
  An ogre (D:3)
  An orc wizard (D:4)
  A gnoll (D:3)
  An adder (D:5)
  A shadow imp (D:5)
  2 orcs (D:4)
7 creatures vanquished.

Grand Total: 158 creatures vanquished

Notes
Turn   | Place    | Note
-------+----------+-------------------------------------------
     0 | D:1      | SacredBeard the Demonspawn Necromancer began the quest for
                  | the Orb.
     0 | D:1      | Reached XP level 1. HP: 13/13 MP: 3/3
   173 | D:1      | Found a faded altar of an unknown god.
   267 | D:1      | Gained mutation: You are partially covered in icy blue
                  | scales. (AC +2) [demonic ancestry]
   267 | D:1      | Reached XP level 2. HP: 19/19 MP: 1/5
   431 | D:1      | You fall into a shaft and drop 1 floor!
   515 | D:2      | Reached skill level 5 in Necromancy
   747 | D:2      | Reached XP level 3. HP: 24/24 MP: 4/6
   873 | D:2      | Found a runed translucent door.
   874 | D:2      | Noticed Crazy Yiuf
  1296 | D:2      | Reached skill level 1 in Throwing
  1299 | D:2      | Reached XP level 4. HP: 30/30 MP: 1/8
  2528 | D:3      | Gained mutation: Spells you cast may paralyse adjacent
                  | enemies. [demonic ancestry]
  2528 | D:3      | Reached XP level 5. HP: 35/35 MP: 0/9
  2637 | D:3      | Reached skill level 6 in Necromancy
  2722 | D:3      | Noticed Natasha
  2729 | D:3      | Killed Natasha
  2730 | D:3      | Reached skill level 1 in Evocations
  2805 | D:3      | Noticed Grinder
  2805 | D:3      | Noticed Natasha
  2815 | D:3      | Paralysed by Grinder for 2 turns
  2826 | D:3      | Killed Natasha
  2827 | D:3      | Killed Grinder
  2828 | D:3      | Gained mutation: You have sharp fingernails. [demonic
                  | ancestry]
  2828 | D:3      | Reached XP level 6. HP: 18/41 MP: 9/11
  2835 | D:3      | Noticed Natasha
  2837 | D:3      | Killed Natasha
  2838 | D:3      | Reached skill level 7 in Necromancy
  3303 | D:3      | Gained mutation: Spells you cast may paralyse nearby
                  | enemies. [demonic ancestry]
  3303 | D:3      | Reached XP level 7. HP: 46/46 MP: 8/13
  4025 | D:4      | Reached skill level 5 in Spellcasting
  4503 | D:4      | Found a staircase to the Ecumenical Temple.
  4933 | Temple   | Entered the Ecumenical Temple
  5148 | D:5      | Entered Level 5 of the Dungeon
  5295 | D:5      | Noticed a troll
  5395 | D:5      | Reached skill level 1 in Fighting
  5395 | D:5      | Reached skill level 1 in Armour
  5395 | D:5      | Reached skill level 1 in Unarmed Combat
  5566 | D:5      | Gained mutation: You are mostly covered in icy blue scales.
                  | (AC +3) [demonic ancestry]
  5566 | D:5      | Reached XP level 8. HP: 54/56 MP: 11/15
  5577 | D:5      | Found a glowing drain.
  5590 | Sewer    | Entered a sewer
  5716 | Sewer    | Noticed Pargi
  5730 | Sewer    | Killed Pargi
  5993 | D:5      | Learned a level 4 spell: Animate Dead
  6523 | D:6      | Found Loqun's Antique Armour Emporium.
  6526 | D:6      | Found Fubli's Armour Boutique.
  6526 | D:6      | Found Qoum's Weapon Emporium.
  7012 | D:6      | Noticed Sigmund
  7315 | D:7      | Found a flagged portal.
  7325 | Bailey   | Entered a bailey
  7687 | Bailey   | Noticed a gargoyle
  7690 | Bailey   | Killed a gargoyle
  7760 | Bailey   | Gained mutation: You are completely covered in icy blue
                  | scales. (AC +4, rC+) [demonic ancestry]
  7760 | Bailey   | Reached XP level 9. HP: 50/66 MP: 16/16
  7794 | Bailey   | Reached skill level 5 in Unarmed Combat
  8081 | Bailey   | Reached skill level 5 in Fighting
  8118 | Bailey   | Reached skill level 5 in Evocations
  8255 | Bailey   | Found the +5 robe of Night {Dark Will+ SInv}
  8430 | Bailey   | HP: 5/102 [vampire/+0 vampiric halberd (9)]
  8430 | Bailey   | Slain by a vampire

Illustrated notes

Levels and vault maps discovered:
D:1:      dpeg_arrival_oval, layout_loops_ring,
          dreamdust_ecumenical_altar_grove, minmay_small_reverse_x
D:2:      layout_loops_corners, minmay_misc_feat_secret_circle,
          uniq_crazy_yiuf_cottage
D:3:      minmay_angry_zag, layout_loops_corners, hangedman_decor_opposing,
          uniq_natasha, uniq_grinder
D:4:      minmay_general_purpose_star, layout_basic, temple_green
D:5:      layout_loops_ring, portal_sewer_entry_d, minmay_holes,
          serial_bayou_pond_b
D:6:      layout_basic, nicolae_wooded_promenade, uniq_sigmund
D:7:      layout_basic, enter_bailey_2
Temple:   minmay_crystal_snake_temple
Bailey:   bailey_polearm_vampire_castle_hellmonk, bailey

Skill      XL: |  1  2  3  4  5  6  7  8  9 |
---------------+----------------------------+-----
Necromancy     | 5 6 7 |  7.0
Throwing       | 1 2 |  2.0
Spellcasting   | 3 4 5 |  5.0
Evocations     | 2 3 4 5 |  5.0
Dodging        | 2 |  2.0
Fighting       | 2 4 5 |  5.1
Armour         | 1 2 |  2.0
Unarmed Combat | 1 4 5 |  5.6
Stealth        | |  1.7

Action                     |  1- 3 |  4- 6 |  7- 9 || total
---------------------------+-------+-------+-------++-------
  Melee: Short sword       |     2 |    19 |    40 ||    61
         Unarmed           |       |       |   377 ||   377
         Punch             |       |       |    30 ||    30
  Throw: Stone             |       |     4 |     7 ||    11
   Cast: Necrotise         |    54 |    72 |   149 ||   275
  Evoke: Wand              |       |     7 |     3 ||    10
    Use: Scroll            |       |       |     5 ||     5
         Potion            |       |       |     1 ||     1
   Stab: Paralysed         |       |       |     4 ||     4
         Sleeping          |       |       |     1 ||     1
 Armour: Robe              |     1 |     7 |   159 ||   167
  Dodge: Dodged            |    10 |    25 |   597 ||   632
